 Dungeon Crawl Stone Soup version 0.26-a0-708-g17f3b190f9 (webtiles) character file.

Game seed: 11718864125406922275

2183 Notrik the Fighter (level 9, -6/90 HPs)
             Began as a Hill Orc Berserker on Oct 29, 2020.
             Was a Priest of Trog.
             Splashed by a jelly's acid (9 damage)
             ... on level 6 of the Dungeon.
             The game lasted 00:14:39 (8191 turns).

Notrik the Fighter (Hill Orc Berserker)             Turns: 8191, Time: 00:14:39

Health: -6/90      AC:  2    Str: 26    XL:     9   Next: 33%
Magic:  9/9        EV: 10    Int:  7    God:    Trog [***...]
Gold:   302        SH:  0    Dex: 10    Spells: 8/8 levels left

rFire    . . .     SeeInvis .   a - +0 hand axe
rCold    . . .     Faith    .   (no shield)
rNeg     . . .     Spirit   .   v - +3 scale mail
rPois    .         Reflect  .   A - +0 helmet
rElec    .         Harm     .   f - +0 cloak
rCorr    .         Rampage  .   p - +2 pair of gloves {Str+3}
MR       .....                  (no boots)
Stlth    ..........             (no amulet)
HPRegen  0.25/turn              (no ring)
MPRegen  0.11/turn              (no ring)

@: corroded, berserk cooldown, slowed, very slow
A: no striking features
a: Berserk, Trog's Hand, Renounce Religion


You were on level 6 of the Dungeon.
You worshipped Trog.
Trog was most pleased with you.
You visited 1 branch of the dungeon, and saw 6 of its levels.
You also visited: Ossuary.

You collected 302 gold pieces.

Inventory:

Hand Weapons
 a - a +0 hand axe (weapon)
 C - the +4 dagger of Cad Xian {venom, *Slow Dex+6}
   (You took it off an orc on level 3 of the Dungeon)

   It poisons the flesh of those it strikes.
   It affects your dexterity (+6).
   It may slow you when you take damage.
Armour
 f - a +0 cloak (worn)
   (You found it on level 1 of the Dungeon)
 p - a +2 pair of gloves of strength (worn)
   (You found it on level 3 of the Dungeon)
 q - a +0 plate armour
   (You found it on level 3 of the Dungeon)
 v - a +3 scale mail (worn)
   (You took it off an orc on level 3 of the Dungeon)
 A - a +0 helmet (worn)
   (You took it off Robin on level 4 of the Dungeon)
Jewellery
 e - an uncursed ring of resist corrosion {unknown}
   (You found it on level 3 of the Dungeon)
 H - a cursed ring of attention {unknown}
   (You found it on level 5 of the Dungeon)
 K - an uncursed amulet of magic regeneration {unknown}
   (You found it on level 6 of the Dungeon)
Wands
 t - a wand of flame (11)
   (You found it on level 3 of the Dungeon)
 u - a wand of paralysis (1)
   (You found it on level 5 of the Dungeon)
 M - a wand of polymorph (5)
   (You found it on level 6 of the Dungeon)
Scrolls
 b - a scroll of blinking
 d - a scroll of immolation {!r}
 g - a scroll of fog {unknown}
 i - 5 scrolls of identify {unknown}
 o - 3 scrolls of remove curse {@r2}
 s - a scroll of random uselessness {unknown}
 w - 3 scrolls of enchant weapon {unknown}
 x - 2 scrolls of fear {unknown}
 y - a scroll of amnesia {unknown}
 B - a scroll of enchant armour {unknown}
 E - a scroll of teleportation {unknown}
 I - 2 scrolls of magic mapping
Potions
 c - 2 potions of heal wounds {unknown}
 h - 3 potions of curing {@q1}
 j - a potion of mutation {unknown}
 k - 4 potions of lignification {unknown}
 l - a potion of ambrosia {unknown}
 m - a potion of invisibility {unknown}
 n - a potion of might {unknown}
 r - 3 potions of haste {unknown}
 z - a potion of experience {unknown}
 D - a potion of stabbing {unknown}
 F - 4 potions of brilliance {unknown}
 G - a potion of magic {unknown}
 J - a potion of berserk rage {unknown}
 L - a potion of degeneration {unknown}


   Skills:
 * Level 12.0 Fighting
 + Level 9.9 Axes
 - Level 2.1 Armour
 - Level 1.5 Dodging


You had 8 spell levels left.
You didn't know any spells.
Your spell library was empty.

Dungeon Overview and Level Annotations

Branches:
Dungeon (6/15)            Ossuary (visited)
 Temple: D:4-7

Altars:
Ru
Beogh


Message History

You slash the slime creature! You slash the slime creature!
The slime creature closely misses you.
You barely miss the slime creature.
You hit the slime creature but do no damage.
The slime creature completely misses you.
You hit the slime creature but do no damage.
You slash the slime creature! The slime creature closely misses you.
You hit the slime creature.
Unknown command.
You slash the slime creature! The slime creature hits you.
* * * LOW HITPOINT WARNING * * *
You hit the slime creature but do no damage.
You feel the effects of Trog's Hand fading.
The jelly jiggles.
You hit the slime creature. The slime creature barely misses you.
Unknown command.
You slash the slime creature!
You hit the slime creature but do no damage.
The slime creature hits you!
* * * LOW HITPOINT WARNING * * *
The jelly jiggles.
You barely miss the slime creature. The slime creature hits you!
* * * LOW HITPOINT WARNING * * *
You hit the slime creature. You slash the slime creature!
You kill the slime creature!
Trog accepts your kill.
Your life force feels restored.
Your Fighting skill increases to level 12!
The jelly hits you.
* * * LOW HITPOINT WARNING * * *
The acid corrodes you!
You are splashed with acid!
* * * LOW HITPOINT WARNING * * *
You slash the jelly!
Your hands burn!
* * * LOW HITPOINT WARNING * * *
The jelly hits you.
* * * LOW HITPOINT WARNING * * *
The acid corrodes you!
You are splashed with acid!
* * * LOW HITPOINT WARNING * * *
You feel a strong urge to attack something.
You are no longer berserk.
You are exhausted.
You feel yourself slow down.
Your skin stops crawling.
You feel less resistant to hostile enchantments.
The jelly hits you but does no damage. The jelly hits you.
* * * LOW HITPOINT WARNING * * *
You are splashed with acid!
You die...

*,* #,* #.##............
*,****##.####.#.............
*,,,,,,..........##......#>#
*******#.##...........####.#
#.#....##.###### #.#
#.........# #.# ###......##
### #.# ##.###.# ##.###.#
#@# #.# ##...##..
#J###.####.....###
###J##...##.......##
#.................)[
#J####...##.......## ###**
#.# ##.####.....##
*##...##*#.# #..........#
*P...JJJ##J# ########...#
*...JJJJ'..# ##.##


You could see a jelly and an ooze.

Vanquished Creatures
  A slime creature (D:6)
  Menkaure (D:4)
  The ghost of funnypoop the Bolt Thrower, an amateur KoHu (D:3)
  Duvessa (D:5)
  A sky beast (D:6)
  A phantom (D:6)
  2 ogres
  A gnoll sergeant (D:6)
  An elf zombie (Ossuary)
  A bullfrog (D:6)
  Dowan (D:5)
  2 scorpions
  A howler monkey (D:5)
  A quasit (D:6)
  A human zombie (Ossuary)
  A gnoll shaman (D:4)
  An orc priest (D:3)
  2 jellies (D:6)
  6 orc wizards
  A worker ant (D:4)
  2 hound zombies (Ossuary)
  5 mummies
  Robin (D:4)
  8 adders
  11 gnolls
  An ufetubus (D:5)
  3 oozes
  An adder zombie (Ossuary)
  A worm (D:2)
  4 dart slugs
  6 leopard geckos
  19 orcs
  4 giant cockroaches
  17 goblins
  8 hobgoblins
  8 jackals
  14 kobolds
  2 quokkas
  7 bats
  A frilled lizard (D:1)
  2 gnoll zombies (Ossuary)
  A goblin zombie (Ossuary)
  A hobgoblin zombie (Ossuary)
  3 jackal zombies
  A leopard gecko zombie (D:6)
  An orc zombie (Ossuary)
  8 rats
168 creatures vanquished.

Vanquished Creatures (collateral kills)
  An orc warrior (D:6)
  2 orcs (D:6)
3 creatures vanquished.

Vanquished Creatures (others)
  9 fungi (D:6)
9 creatures vanquished.

Grand Total: 180 creatures vanquished

Notes
Turn   | Place    | Note
-------+----------+-------------------------------------------
     0 | D:1      | Notrik the Hill Orc Berserker began the quest for the Orb.
     0 | D:1      | Reached XP level 1. HP: 19/19 MP: 1/1
   340 | D:1      | Reached skill level 4 in Fighting
   340 | D:1      | Reached XP level 2. HP: 27/27 MP: 2/2
  1034 | D:2      | Reached XP level 3. HP: 34/34 MP: 3/3
  1252 | D:2      | Reached skill level 5 in Fighting
  1713 | D:2      | Reached XP level 4. HP: 37/42 MP: 4/4
  1718 | D:2      | Reached ** piety under Trog
  2029 | D:2      | Reached skill level 5 in Axes
  2596 | D:3      | Reached skill level 6 in Fighting
  2596 | D:3      | Reached XP level 5. HP: 50/50 MP: 5/5
  2743 | D:3      | Found a faded altar of an unknown god.
  2977 | D:3      | Reached XP level 6. HP: 58/58 MP: 6/6
  2979 | D:3      | Reached *** piety under Trog
  3289 | D:3      | Found a runed translucent gate.
  3289 | D:3      | Found a runed translucent gate.
  3289 | D:3      | Found a runed translucent gate.
  3289 | D:3      | Identified the +4 dagger of Cad Xian {venom, *Slow Dex+6}
  3289 | D:3      | Noticed funnypoop's ghost (amateur KoHu)
  3290 | D:3      | Found a roughly hewn altar of Beogh.
  3325 | D:3      | Killed funnypoop's ghost
  3325 | D:3      | Reached skill level 7 in Fighting
  4168 | D:4      | Reached XP level 7. HP: 14/67 MP: 7/7
  4423 | D:4      | Noticed Menkaure
  4675 | D:4      | Killed Menkaure
  4675 | D:4      | Reached skill level 8 in Fighting
  5038 | D:4      | Noticed Robin
  5052 | D:4      | Killed Robin
  5061 | D:4      | Reached skill level 9 in Fighting
  5223 | D:5      | Entered Level 5 of the Dungeon
  5564 | D:5      | Noticed Dowan
  5574 | D:5      | Noticed Duvessa
  5599 | D:5      | Killed Duvessa
  5599 | D:5      | Reached XP level 8. HP: 70/78 MP: 8/8
  5619 | D:5      | Killed Dowan
  6120 | D:6      | Reached skill level 10 in Fighting
  6489 | D:6      | Found a sand-covered staircase.
  6500 | Ossuary  | Entered an ossuary
  6535 | Ossuary  | Reached **** piety under Trog
  7330 | D:6      | Reached skill level 11 in Fighting
  7618 | D:6      | Reached XP level 9. HP: 32/89 MP: 9/9
  8108 | D:6      | Found a sacrificial altar of Ru.
  8181 | D:6      | Reached skill level 12 in Fighting
  8183 | D:6      | HP: 2/135 [acid (7)]
  8191 | D:6      | HP: 3/90 [jelly (1)]
  8191 | D:6      | Splashed by a jelly's acid

Illustrated notes

Levels and vault maps discovered:
D:1:      minmay_arrival_jagged, layout_basic, patterned_corridor
D:2:      layout_basic, hex_medium, minmay_goblin_kobold_house
D:3:      layout_basic, biasface_ghost_orc_armoury,
          chequers_ecumenical_altar_simple_redux
D:4:      layout_basic, uniq_robin, uniq_menkaure
D:5:      layout_gridville, uniq_duvessa
D:6:      lemuel_slime, layout_loops_ring, nicolae_ru_path_of_blood,
          gup_ossuary_entry_pyramid

Skill      XL: |  1  2  3  4  5  6  7  8  9 |
---------------+----------------------------+-----
Fighting       | 4 5 6 7 9 11 12 | 12.0
Axes           | 5 6 7 9 |  9.9
Armour         | |  2.1
Dodging        | |  1.5

Action                   |  1- 3 |  4- 6 |  7- 9 || total
-------------------------+-------+-------+-------++-------
Melee: Hand axe          |    95 |   197 |   429 ||   721
Invok: Berserk           |       |     4 |     5 ||     9
       Trog's Hand       |       |     2 |     5 ||     7
       Brothers in Arms  |       |       |     1 ||     1
  Use: Potion            |       |     1 |       ||     1
       Scroll            |       |       |     5 ||     5
 Stab: Sleeping          |     1 |       |       ||     1
Armor: Animal skin       |    34 |    16 |       ||    50
       Plate armour      |       |    50 |       ||    50
       Scale mail        |       |    18 |   351 ||   369
Dodge: Dodged            |    52 |    93 |   281 ||   426

Table legend: (Time is in decaauts)
 A = Elapsed time spent in this place.
 B = Non-inter-level travel time spent in this place.
 C = Inter-level travel time spent in this place.
 D = Time resting spent in this place.
 E = Time spent auto-exploring this place.
 F = Levels seen in this place.
 G = Mean time per level.
                   A        B        C        D        E       F      G
               +--------+--------+--------+--------+--------+-----+--------+
         Total |   8251 |   8147 |    104 |   1494 |   5274 |   7 | 1178.7 |
       Dungeon |   7630 |   7526 |    104 |   1494 |   4774 |   6 | 1271.7 |
       Ossuary |    621 |    621 |      0 |      0 |    500 |   1 |  621.0 |
               +--------+--------+--------+--------+--------+-----+--------+

Top non-repeatable levels by time:
     D:3: 1796 daAuts
     D:2: 1526 daAuts
     D:6: 1492 daAuts
     D:4: 1193 daAuts
     D:5: 857 daAuts
     D:1: 764 daAuts
 Ossuary: 621 daAuts
